 Dungeon Crawl Stone Soup version 0.29.1-13-g9f3cf754e1 (webtiles) character file.

Game seed: 11550116312102223017

20 JumpingJurisdiction the Trooper (level 3, -2/29 HPs)
             Began as a Human Berserker on Feb 8, 2023.
             Was a Follower of Trog.
             Slain by a gnoll
             ... wielding a +0 club
              (8 damage)
             ... on level 2 of the Dungeon.
             The game lasted 00:06:54 (1115 turns).

JumpingJurisdiction the Trooper (Human Berserker)   Turns: 1115, Time: 00:06:55

Health: -2/29      AC:  2    Str: 19    XL:     3   Next: 0%
Magic:  3/3        EV: 12    Int:  7    God:    Trog [*.....]
Gold:   0          SH:  0    Dex: 12    Spells: 2/2 levels left

rFire   . . .      SeeInvis .   a - +0 hand axe
rCold   . . .      Faith    .   (no shield)
rNeg    . . .      Spirit   .   b - +0 animal skin
rPois   .          Reflect  .   (no helmet)
rElec   .          Harm     .   (no cloak)
rCorr   .          Rampage  .   (no gloves)
Will    .....                   (no boots)
Stlth   +.........              (no amulet)
HPRegen 0.09/turn               (no ring)
MPRegen 0.08/turn               (no ring)

@: no status effects
A: no striking features
a: Renounce Religion, Berserk


You were on level 2 of the Dungeon.
You worshipped Trog.
Trog was aware of your devotion.
You visited 1 branch of the dungeon, and saw 2 of its levels.

Inventory:

Hand Weapons
 a - a +0 hand axe (weapon)
 e - a +0 club
 f - a +0 short sword
Armour
 b - a +0 animal skin (worn)
Magical Staves
 g - a staff of cold
Scrolls
 c - a scroll of vulnerability {unknown}
Potions
 d - a potion of haste {unknown}


   Skills:
 + Level 3.4 Fighting
 + Level 3.3 Axes
 + Level 2.0 Armour
 + Level 2.1 Dodging
 + Level 0.1 Stealth


You had 2 spell levels left.
You didn't know any spells.
Your spell library contained the following spells:

 Spells                   Type           Power      Damage    Failure   Level
 Sandblast                Erth           0%         2d4       43%         1
 Passwall                 Tmut/Erth      0%         N/A       56%         2
 Stone Arrow              Conj/Erth      0%         3d7       80%         3


Dungeon Overview and Level Annotations

Branches:
Dungeon (2/15)

Altars:


Message History

[Y]es or [N]o only, please.
Really attack while wielding your staff of cold?
This could place you under penance!
Trog does not appreciate your use of wizardly items!
You feel guilty.
You hit the gnoll.
The gnoll is moderately wounded.
The gnoll hits you with a +3 spear.
Trog does not appreciate your use of wizardly items!
You feel guilty.
You hit the gnoll.
The gnoll is moderately wounded.
A gnoll comes into view. It is wielding a +0 spear.
The gnoll barely misses you. The gnoll hits you with a +3 spear.
The gnoll shouts!
Trog does not appreciate your use of wizardly items!
You feel guilty.
You hit the gnoll but do no damage.
The gnoll is moderately wounded.
The gnoll completely misses you.
You closely miss the gnoll.
The gnoll is moderately wounded.
The gnoll barely misses you.
a - a +0 hand axe (weapon)
You barely miss the gnoll.
The gnoll is moderately wounded.
The gnoll hits you with a +3 spear. The gnoll closely misses you.
You hit the gnoll.
The gnoll is severely wounded.
The gnoll hits you with a +3 spear!
* * * LOW HITPOINT WARNING * * *
You barely miss the gnoll.
The gnoll is severely wounded.
The gnoll misses you.
You hit the gnoll.
You kill the gnoll!
Trog accepts your kill.
You have reached level 3!
Your experience leads to an increase in your attributes!
Increase (S)trength, (I)ntelligence, or (D)exterity?
Uppercase letters only, please.
You feel stronger. x2
You barely miss the gnoll. The gnoll hits you with a +0 club!
You die...

#.####.......#
#.############
#.....#
#.....#
#.....#
#.##### #.#
#.# #@# #g#
#g# ... ...
.!..# .:..#
.....#


You could see 2 gnolls.

Vanquished Creatures
  A gnoll (D:2)
  3 goblins
  A hobgoblin (D:2)
  3 jackals (D:2)
  A ball python (D:1)
9 creatures vanquished.

Notes
Turn   | Place    | Note
-------+----------+-------------------------------------------
     0 | D:1      | JumpingJurisdiction the Human Berserker began the quest for
                  | the Orb.
     0 | D:1      | Reached XP level 1. HP: 18/18 MP: 1/1
    76 | D:1      | You fall into a shaft and drop 1 floor!
   156 | D:2      | Reached XP level 2. HP: 12/24 MP: 2/2
  1115 | D:2      | Reached XP level 3. HP: 6/29 MP: 3/3
  1115 | D:2      | Slain by a gnoll

Illustrated notes

Levels and vault maps discovered:
D:1:      roderic_chinese_lattice_arrival, layout_loops_cross,
          minmay_misc_feat_ornament, minmay_hedge_maze, minmay_split_cup_large
D:2:      layout_basic, hex_tiny

Action                   || total
-------------------------++-------
Melee: Hand axe          ||    29
       Staff             ||     4
Armor: Animal skin       ||     5
Dodge: Dodged            ||    26
